 Dungeon Crawl Stone Soup version 0.31-a0-640-g39d97e502b (webtiles) character file.

Game seed: 7256106851466771192

283 Sanktem7 the Chopper (level 6, -3/55 HPs)
             Began as a Minotaur Fighter on Aug 29, 2023.
             Slain by a lemure (6 damage)
             ... led by Pikel
             ... on level 4 of the Dungeon.
             The game lasted 00:02:52 (2028 turns).

Sanktem7 the Chopper (Minotaur Fighter)             Turns: 2028, Time: 00:02:53

Health: -3/55      AC:  8    Str: 23    XL:     6   Next: 7%
Magic:  5/5        EV:  9    Int:  5    God:
Gold:   119        SH:  4    Dex:  9    Spells: 5/5 levels left

rFire   . . .        a - +0 war axe {axe}
rCold   . . .        c - +0 buckler
rNeg    . . .        b - +0 scale mail
rPois   .            (helmet restricted)
rElec   .            j - +0 cloak
rCorr   +            (no gloves)
SInv    .            (no boots)
Will    .....        (no amulet) Stlth
                     g - ring of resist corrosion
HPRegen 0.29/turn    (no ring)
MPRegen 0.09/turn

%: no passive effects
@: no status effects
A: horns 2, retaliatory headbutt
a: no special abilities


You were on level 4 of the Dungeon.
You visited 1 branch of the dungeon, and saw 4 of its levels.

You collected 119 gold pieces.


Innate Abilities, Weirdness & Mutations

You have a pair of horns on your head.
You reflexively headbutt those who attack you in melee.


   Skills:
 + Level 4.9 Fighting
 * Level 5.2 Axes
 + Level 4.9 Armour
 + Level 4.8 Shields


You had 5 spell levels left.
You didn't know any spells.
Your spell library contained the following spells:

 Spells                   Type           Power      Damage    Failure   Level
 Shock                    Conj/Air       0%         1d3       83%         1
 Swiftness                Air            0%         N/A       99%         3
 Airstrike                Air            0%         2d(0-16)  100%        4

Inventory:

Hand Weapons
 a - a +0 war axe (weapon) {axe}
Missiles
 f - 10 stones {throwing}
 h - 6 poisoned darts {throwing}
 n - 2 atropa-tipped darts {throwing}
Armour
 b - a +0 scale mail (worn)
 c - a +0 buckler (worn)
 j - a +0 cloak (worn)
   (You found it on level 2 of the Dungeon)
Jewellery
 g - a ring of resist corrosion (left hand)
   (You found it on level 1 of the Dungeon)
Wands
 q - a wand of flame (15)
   (You took it off Natasha on level 3 of the Dungeon)
Scrolls
 i - 2 scrolls of teleportation {unknown}
 l - a scroll of fear {unknown}
 o - a scroll of identify {unknown}
Potions
 d - a potion of might
 e - a potion of heal wounds {unknown}
 k - a potion of attraction {unknown}
 m - a potion of degeneration {unknown}
 p - a potion of enlightenment {unknown}

Dungeon Overview and Level Annotations

Branches:
Dungeon (4/15) Zot: 21898
 Temple: D:4-7

Altars:
Gozag
Qazlal
Trog

Shops:
D:2 (

Annotations:
D:4 Pikel

#####
###...##
#......#
#..<...+
#......#
+......#
#..@5..#
##5K5.(#
#.5...#
.r.(....
g..........
.....(......
.>####...##..
... ...# ..


You could see Pikel, 4 lemures, a quokka and a goblin.


Message History

Your hp is fully restored (55).
Done exploring.
There is a stone staircase leading down here.
You climb downwards.
The orc shouts! x2; You hear a shout!
You hear an angry hiss.
There is a stone staircase leading up here.
There are monsters nearby!
An orc comes into view. It is wielding a +0 club.
Found a stone staircase leading down.
The orc shouts!
The orc barely misses you.
You slash the orc!
You kill the orc!
You hit the orc. You headbutt the orc, but do no damage.
You block the orc's attack.
You barely miss the orc. You hit the orc but do no damage.
The orc hits you with a +0 short sword. The orc closely misses you. 😕 HP[-4]
You take 4 damage, and now have 51/55 hp.
You barely miss the orc. You headbutt the orc, but do no damage.
You slash the orc!
You kill the orc!
You block the orc's attack. 😕 HP[+1]
You slash the orc!
You kill the orc!
Pikel, Merchant of Souls comes into view.
He is wielding a +2 whip of flaming.
The orc hits you but does no damage.
You barely miss the orc.
Pikel shouts!
Your headbutt misses the orc.
You hear a shout!
You hear an angry hiss.
The orc closely misses you.
You completely miss the orc. Your headbutt misses the orc.
The orc hits you but does no damage. 😕 HP[+1]
You hit the orc. Your headbutt misses the orc. The orc barely misses you.
You furiously retaliate!
You headbutt the orc.
You kill the orc!
A lemure comes into view. x2
A lemure comes into view.
You see here a +0 hand axe {axe}. 😕 HP[+1]
You barely miss Pikel.
The lemure shouts!
Your headbutt misses Pikel.
A quokka comes into view.
Pikel closely misses you.
A lemure comes into view.
You hit Pikel.
Pikel hits you with a +2 whip of flaming!
Pikel burns you. 😕 HP[-12]
You take 12 damage, and now have 42/55 hp.
MASSIVE DAMAGE!! (PAUSE) Unknown command.
You hit Pikel but do no damage.
Pikel hits you with a +2 whip of flaming!
Pikel burns you. You block the lemure's attack.
Pikel hits you with a +2 whip of flaming.
Pikel burns you.
* * * LOW HITPOINT WARNING * * *
😨 HP[-16]
You take 16 damage, and now have 26/55 hp.
MASSIVE DAMAGE!! (PAUSE)
You closely miss Pikel. You miss the lemure. You closely miss the lemure.
A goblin comes into view. It is wielding a +0 club.
The lemure barely misses you. You furiously retaliate!
You headbutt the lemure. The lemure hits you but does no damage.
Pikel hits you with a +2 whip of flaming.
* * * LOW HITPOINT WARNING * * *
Pikel burns you.
* * * LOW HITPOINT WARNING * * *
😨 HP[-4]
You take 4 damage, and now have 22/55 hp.
The goblin shouts!
You slash Pikel! You closely miss the lemure. You barely miss the lemure.
You hear an angry hiss.
The lemure hits you.
* * * LOW HITPOINT WARNING * * *
Pikel hits you with a +2 whip of flaming.
* * * LOW HITPOINT WARNING * * *
Pikel burns you.
* * * LOW HITPOINT WARNING * * *
The lemure barely misses you. 😱 HP[-9]
You take 9 damage, and now have 13/55 hp.
You hit Pikel. You headbutt Pikel, but do no damage.
You barely miss the lemure. You hit the lemure but do no damage.
The lemure completely misses you.
Pikel hits you with a +2 whip of flaming!
* * * LOW HITPOINT WARNING * * *
Pikel burns you.
* * * LOW HITPOINT WARNING * * *
😱 HP[-10]
You take 10 damage, and now have 3/55 hp.
You barely miss Pikel. You headbutt Pikel, but do no damage.
You hit the lemure. You barely miss the lemure. You closely miss the lemure.
The lemure hits you.
You die...

Skill      XL: |  1  2  3  4  5 |
---------------+----------------+-----
Axes           | 3 4 5 |  5.2
Armour         | 4 |  4.9
Fighting       | 4 |  4.9
Shields        | 4 |  4.8

Action                     |  1- 3 |  4- 6 || total
---------------------------+-------+-------++-------
  Melee: War axe           |    94 |    45 ||   139
         Headbutt          |     9 |     6 ||    15
 Armour: Scale mail        |    50 |    19 ||    69
  Dodge: Dodged            |    54 |    16 ||    70
  Block: Buckler           |    29 |     9 ||    38

Levels and vault maps discovered:
D:1:      minmay_arrival_doors, layout_basic
D:2:      layout_basic, serial_shops, nicolae_shop_tiny_glass,
          shapermc_ecumenical_altar_mp_ritualfount
D:3:      layout_rooms, gammafunk_temple_overflow_statue,
          mainiacjoe_overflow_cross_hatched, serial_curves, eino_curves_04,
          eino_curves_02, eino_curves_03, uniq_natasha
D:4:      layout_gridville, uniq_pikel, uniq_edmund

Notes
Turn   | Place    | Note
-------+----------+-------------------------------------------
     0 | D:1      | Sanktem7 the Minotaur Fighter began the quest for the Orb.
     0 | D:1      | Reached XP level 1. HP: 19/19 MP: 0/0
     0 | D:1      | magus.rc [v1.9.6]
   105 | D:1      | Reached XP level 2. HP: 27/27 MP: 1/1
   198 | D:1      | Reached skill level 3 in Axes
   689 | D:2      | Reached skill level 4 in Armour
   721 | D:2      | Reached skill level 4 in Fighting
   721 | D:2      | Reached XP level 3. HP: 33/33 MP: 2/2
   746 | D:2      | Reached skill level 4 in Shields
   946 | D:2      | Found a faded altar of an unknown god.
   962 | D:2      | Found Vuojyur's Weapon Shoppe.
  1408 | D:3      | Noticed Natasha
  1416 | D:3      | Killed Natasha
  1417 | D:3      | Reached skill level 4 in Axes
  1417 | D:3      | Reached XP level 4. HP: 35/40 MP: 3/3
  1425 | D:3      | Noticed an ice beast
  1441 | D:3      | Killed an ice beast
  1442 | D:3      | Reached XP level 5. HP: 35/47 MP: 4/4
  1514 | D:3      | Found a bloodstained altar of Trog.
  1565 | D:3      | Found a stormy altar of Qazlal.
  1605 | D:3      | You pick up a book of Air and begin reading...
  1605 | D:3      | You add the spells Shock, Swiftness and Airstrike to your
                  | library.
  1730 | D:3      | Found an opulent altar of Gozag.
  1908 | D:3      | Noticed Natasha
  1911 | D:3      | Killed Natasha
  1912 | D:3      | Reached skill level 5 in Axes
  1923 | D:3      | Noticed Natasha
  1933 | D:3      | Killed Natasha
  1934 | D:3      | Reached XP level 6. HP: 40/55 MP: 5/5
  2017 | D:4      | Noticed Pikel
  2026 | D:4      | HP: 13/55 [Pikel/+2 whip of flaming (2)]
  2027 | D:4      | HP: 4/55 [Pikel/+2 whip of flaming (10)]
  2028 | D:4      | Slain by a lemure

Vanquished Creatures
  An ice beast (D:3)
  An orc priest (D:3)
  Natasha (thrice) (D:3)
  2 adders (D:2)
  A dart slug (D:2)
  8 orcs
  3 ball pythons
  6 bats
  4 endoplasms
  5 giant cockroaches
  3 goblins
  2 hobgoblins
  5 quokkas
  4 frilled lizards
  3 kobolds
  3 rats
54 creatures vanquished.

Table legend:
 A = Non-vault XP
 B = Vault XP
 C = Vault XP percentage of total XP
 D = Non-vault monster count
 E = Vault monster count
 F = Vault count percentage of total count
                 A         B        C        D         E       F
            +---------+---------+-------+---------+---------+-------
      Total |     370 |      35 |   8.6 |      53 |       1 |   1.9
            +---------+---------+-------+---------+---------+-------
        D:1 |      38 |       0 |   0.0 |      23 |       0 |   0.0
        D:2 |      53 |       0 |   0.0 |      15 |       0 |   0.0
        D:3 |     267 |      35 |  11.6 |      11 |       1 |   8.3
        D:4 |      12 |       0 |   0.0 |       4 |       0 |   0.0
            +---------+---------+-------+---------+---------+-------

Skill      XL: |  1  2  3  4  5 |
---------------+----------------+-----
Axes           | 3 4 5 |  5.2
Armour         | 4 |  4.9
Fighting       | 4 |  4.9
Shields        | 4 |  4.8

Action                     |  1- 3 |  4- 6 || total
---------------------------+-------+-------++-------
  Melee: War axe           |    94 |    45 ||   139
         Headbutt          |     9 |     6 ||    15
 Armour: Scale mail        |    50 |    19 ||    69
  Dodge: Dodged            |    54 |    16 ||    70
  Block: Buckler           |    29 |     9 ||    38

Illustrated notes

Table legend:
 A = Kills in this place as a percentage of kills in the entire game.
 B = Kills by you in this place as a percentage of kills by you in the entire game.
 C = Kills by friends in this place as a percentage of kills by friends in the entire game.
 D = Other kills in this place as a percentage of other kills in the entire game.
 E = Experience gained in this place as a percentage of experience gained in the entire game.
 F = Experience gained in this place divided by the number of levels of this place that you have seen.
                   A       B       C       D       E      F
               +-------+-------+-------+-------+-------+----------------------
         Total | 100.0 | 100.0 |   N/A |   N/A | 100.0 | 101.2
       Dungeon | 100.0 | 100.0 |   N/A |   N/A | 100.0 | 101.2
               +-------+-------+-------+-------+-------+----------------------

Table legend: (Time is in decaauts)
 A = Elapsed time spent in this place.
 B = Non-inter-level travel time spent in this place.
 C = Inter-level travel time spent in this place.
 D = Time resting spent in this place.
 E = Time spent auto-exploring this place.
 F = Levels seen in this place.
 G = Mean time per level.
                   A        B        C        D        E       F      G
               +--------+--------+--------+--------+--------+-----+--------+
         Total |   2100 |   2017 |     83 |      0 |   1662 |   4 |  525.0 |
       Dungeon |   2100 |   2017 |     83 |      0 |   1662 |   4 |  525.0 |
               +--------+--------+--------+--------+--------+-----+--------+

Top non-repeatable levels by time:
     D:3: 719 daAuts
     D:2: 703 daAuts
     D:1: 656 daAuts
     D:4: 21 daAuts
